 Dungeon Crawl Stone Soup version 0.31-a0-232-gb1c03b2570 (webtiles) character file.

Game seed: 1830196629376852295

84 qw the Shooter (level 4, -6/26 HPs)
             Began as a Gargoyle Hexslinger on July 7, 2023.
             Mangled by a gnoll
             ... wielding a +0 flail
              (8 damage)
             ... on level 3 of the Dungeon.
             The game lasted 00:00:36 (1393 turns).

qw the Shooter (Gargoyle Hexslinger)                Turns: 1393, Time: 00:00:37

Health: -6/26      AC:  7    Str: 12    XL:     4   Next: 46%
Magic:  5/5        EV: 11    Int: 13    God:
Gold:   139        SH:  0    Dex: 14    Spells: 4/5 levels left

rFire   . . .        Y - +2 sling
rCold   . . .        (no shield)
rNeg    + . .        g - +0 leather armour
rPois   inf          (no helmet)
rElec   +            j - +0 cloak
rCorr   .            (no gloves)
SInv    .            (no boots)
Will    .....        (no amulet)
Stlth   +            (no ring)
HPRegen 0.24/turn    (no ring)
MPRegen 0.09/turn

%: no passive effects
@: no status effects
A: sickness immunity, AC +3, negative energy resistance 1, electricity
resistance, torment resistance 1, petrification resistance
a: no special abilities


You were on level 3 of the Dungeon.
You visited 1 branch of the dungeon, and saw 3 of its levels.

You collected 139 gold pieces.


Innate Abilities, Weirdness & Mutations

You are immune to sickness and miasma.
Your stone body is resilient. (AC +3)
You are immune to poison.
You resist negative energy. (rN+)
You are resistant to electric shocks. (rElec)
You are resistant to unholy torment.
You are immune to petrification.


   Skills:
 - Level 2.0 Fighting
 + Level 4.2 Ranged Weapons
 - Level 1.5 Dodging
 - Level 1.0 Spellcasting
 - Level 2.6 Hexes


You had 4 spell levels left.
You knew the following spells:

 Your Spells              Type           Power      Damage    Failure   Level
a - Slow                  Hex            28%        N/A       12%         1

Your spell library contained the following spells:

 Spells                   Type           Power      Damage    Failure   Level
 Inner Flame              Hex/Fire       4%         N/A       52%         3
 Portal Projectile        Hex/Tloc       8%         N/A       52%         3
 Cause Fear               Hex            3%         N/A       75%         4

Inventory:

Hand Weapons
 Y - a +2 sling (weapon)
Armour
 g - a +0 leather armour (worn)
 j - a +0 cloak (worn)
Potions
 a - a potion of heal wounds {unknown}
 d - a potion of haste {unknown}
 e - a potion of magic {unknown}
 f - 2 potions of might
 l - a potion of cancellation {unknown}

Dungeon Overview and Level Annotations

Branches:
Dungeon (3/15)

Altars:


Message History

What level of the Dungeon? (default 1, ? - help)
You climb downwards.
There is a stone staircase leading up here.
Found a stone staircase leading down.
Items here: % ))). 2 gnolls come into view.
There is a stone staircase leading down here.
You shoot a sling bullet. The sling bullet hits the gnoll.
The gnoll shouts!
The gnoll is moderately wounded.
You hear a shout!
A gnoll comes into view. It is wielding a +0 flail.
You shoot a sling bullet. The sling bullet hits the gnoll.
The gnoll is severely wounded.
The gnoll hits you with a +0 whip.
You shoot a sling bullet. The sling bullet hits the gnoll.
The gnoll is almost dead.
The gnoll misses you.
You shoot a sling bullet.
The sling bullet barely misses the gnoll.
You shoot a sling bullet. The sling bullet hits the gnoll.
You kill the gnoll!
Your Ranged Weapons skill increases to level 4!
You shoot a sling bullet. The sling bullet hits the gnoll.
The gnoll is heavily wounded.
The gnoll hits you with a +0 club. The gnoll hits you with a +0 flail!
The gnoll hits you with a +0 club.
You shoot a sling bullet. The sling bullet hits the gnoll.
The gnoll is severely wounded.
The gnoll barely misses you. The gnoll closely misses you.
You shoot a sling bullet.
The sling bullet barely misses the gnoll.
The gnoll misses you. The gnoll hits you with a +0 club!
You shoot a sling bullet. The sling bullet hits the gnoll!
You kill the gnoll!
The gnoll hits you with a +0 flail.
You shoot a sling bullet.
The sling bullet hits the gnoll but does no damage.
The gnoll misses you. The gnoll hits you with a +0 flail!
You die...

## .. #. .
##.############
#.##......)g$....#
.........@#####
#.............#
...#.........#
#####...#.#####
#.............
#.####.##.####
###.....#
#<)..#### ###.##


You could see a gnoll.

Vanquished Creatures
  2 gnolls (D:3)
  An adder (D:2)
  A dart slug (D:2)
  4 orcs
  2 ball pythons
  4 bats
  5 endoplasms
  4 giant cockroaches
  5 hobgoblins
  2 quokkas
  3 frilled lizards
  6 goblins
  4 kobolds (D:1)
  3 rats
46 creatures vanquished.

Notes
Turn   | Place    | Note
-------+----------+-------------------------------------------
     0 | D:1      | qw the Gargoyle Hexslinger began the quest for the Orb.
     0 | D:1      | Reached XP level 1. HP: 12/12 MP: 2/2
     0 | D:1      | 0 ||| qw: Version: 0.3-a-46-gb1f654a
     0 | D:1      | 0 ||| qw: Game counter: 2886
     0 | D:1      | 0 ||| qw: Melee chars always use a shield: true
     0 | D:1      | 0 ||| qw: God list: Okawaru
     0 | D:1      | 0 ||| qw: Allow faded altars: false
     0 | D:1      | 0 ||| qw: Do Orc after clearing Dungeon:15 true
     0 | D:1      | 0 ||| qw: Do second Lair branch before Depths: true
     0 | D:1      | 0 ||| qw: Lair rune preference: random
     0 | D:1      | 0 ||| qw: Goals: Normal
     0 | D:1      | 0 ||| PLANNING D:1-11
   141 | D:1      | Reached XP level 2. HP: 16/16 MP: 3/3
   247 | D:1      | Reached skill level 3 in Ranged Weapons
   479 | D:1      | Reached XP level 3. HP: 21/21 MP: 4/4
   661 | D:1      | 661 ||| UPGRADING to +0 leather armour.
   671 | D:1      | 671 ||| DROPPING +0 robe.
   672 | D:1      | 672 ||| READING 3 scrolls labelled EWNYSHR KOEN.
   673 | D:1      | 673 ||| DRINKING 2 pink potions.
   674 | D:1      | 674 ||| DROPPING 2 scrolls of fog.
   675 | D:1      | 675 ||| DROPPING scroll of poison.
  1258 | D:2      | 1258 ||| UPGRADING to +0 cloak.
  1263 | D:2      | 1263 ||| READING 3 scrolls labelled DEURAS EDDA.
  1264 | D:2      | 1264 ||| READING scroll labelled MIFAXE RACHU.
  1265 | D:2      | 1265 ||| READING scroll labelled LADUEG MYXOH.
  1266 | D:2      | 1266 ||| READING 2 scrolls labelled CEM ELUS ESTAM.
  1267 | D:2      | 1267 ||| READING scroll labelled WOLAIL RAEPN.
  1268 | D:2      | 1268 ||| DROPPING 2 scrolls of blinking.
  1269 | D:2      | 1269 ||| DROPPING scroll of vulnerability.
  1295 | D:3      | 1295 ||| STAIRDANCE
  1298 | D:2      | Reached XP level 4. HP: 24/26 MP: 5/5
  1313 | D:3      | 1313 ||| STAIRDANCE
  1389 | D:3      | Reached skill level 4 in Ranged Weapons
  1391 | D:3      | HP: 6/26 [gnoll/+0 club (7)]
  1392 | D:3      | HP: 1/26 [gnoll/+0 flail (5)]
  1393 | D:3      | Mangled by a gnoll

Levels and vault maps discovered:
D:1:      dpeg_arrival_court, layout_loops_cross, hangedman_decor_riveting
D:2:      layout_basic
D:3:      layout_basic, grunt_decor_fettered

Skill      XL: |  1  2  3  4 |
---------------+-------------+-----
Ranged Weapons | 3 4 |  4.2
Fighting       | 2 |  2.0
Dodging        | |  1.5
Spellcasting   | |  1.0
Hexes          | |  2.6

Action                     |  1- 3 |  4- 6 || total
---------------------------+-------+-------++-------
   Fire: Sling             |   116 |    20 ||   136
    Use: Scroll            |     6 |       ||     6
         Potion            |     1 |       ||     1
 Armour: Robe              |     8 |       ||     8
         Leather armour    |    13 |     2 ||    15
  Dodge: Dodged            |    33 |    10 ||    43

Table legend:
 A = Non-vault XP
 B = Vault XP
 C = Vault XP percentage of total XP
 D = Non-vault monster count
 E = Vault monster count
 F = Vault count percentage of total count
                 A         B        C        D         E       F
            +---------+---------+-------+---------+---------+-------
      Total |     121 |       0 |   0.0 |      46 |       0 |   0.0
            +---------+---------+-------+---------+---------+-------
        D:1 |      46 |       0 |   0.0 |      27 |       0 |   0.0
        D:2 |      38 |       0 |   0.0 |      14 |       0 |   0.0
        D:3 |      37 |       0 |   0.0 |       5 |       0 |   0.0
            +---------+---------+-------+---------+---------+-------
